 Dungeon Crawl Stone Soup version 0.29-a0-322-g68df515428 (webtiles) character file.

Game seed: 10347405970608825562

43 kae the Firebug (level 3, -1/20 HPs)
             Began as a Tengu Fire Elementalist on Apr 7, 2022.
             Slain by an iguana (2 damage)
             ... on level 3 of the Dungeon.
             The game lasted 00:01:06 (2237 turns).

kae the Firebug (Tengu Fire Elementalist)           Turns: 2237, Time: 00:01:06

Health: -1/20      AC:  2    Str:  8    XL:     3   Next: 58%
Magic:  0/7        EV: 12    Int: 17    God:
Gold:   108        SH:  3    Dex: 14    Spells: 5/6 levels left

rFire   . . .      SeeInvis .   f - +0 long sword
rCold   . . .      Faith    .   h - +0 buckler
rNeg    . . .      Spirit   .   a - +0 robe
rPois   .          Reflect  .   (helmet restricted)
rElec   .          Harm     .   (no cloak)
rCorr   .          Rampage  .   (no gloves)
Will    .....                   (boots unavailable)
Stlth   ++........              (no amulet)
HPRegen 0.06/turn               (no ring)
MPRegen 0.10/turn               (no ring)

@: no status effects
A: beak, talons 3
a: no special abilities


You were on level 3 of the Dungeon.
You visited 1 branch of the dungeon, and saw 3 of its levels.

You collected 108 gold pieces.

Inventory:

Hand Weapons
 f - a +0 long sword (weapon)
Armour
 a - a +0 robe (worn)
 h - a +0 buckler (worn)
Jewellery
 m - a ring of poison resistance
Scrolls
 g - a scroll of blinking {unknown}
 k - a scroll of identify
Potions
 b - a potion of magic
 c - a potion of flight
 d - a potion of heal wounds {unknown}
 e - a potion of curing {unknown}
 i - a potion of berserk rage {unknown}
 j - a potion of attraction {unknown}
 l - 2 potions of degeneration {unknown}


   Skills:
 + Level 1.1 Fighting
 + Level 1.0 Armour
 + Level 2.6 Dodging
 - Level 2.0 Stealth
 + Level 0.0 Shields
 + Level 2.3 Spellcasting
 + Level 1.9 Conjurations
 + Level 3.6 Fire Magic


You had 5 spell levels left.
You knew the following spells:

 Your Spells              Type           Power      Damage    Failure   Level
a - Foxfire               Conj/Fire      44%        2x1d6     9%          1

Your spell library contained the following spells:

 Spells                   Type           Power      Damage    Failure   Level
 Scorch                   Fire           28%        2d6       9%          2
 Conjure Flame            Conj/Fire      11%        6-21      24%         3
 Ensorcelled Hibernation  Hex/Ice        2%         N/A       36%         2
 Inner Flame              Hex/Fire       8%         N/A       36%         3
 Frozen Ramparts          Ice            2%         1d2       58%         3
 Ozocubu's Armour         Ice            1%         N/A       58%         3
 Spider Form              Tmut/Pois      1%         N/A       58%         3
 Flame Wave               Conj/Fire      11%        2d5       63%         4
 Anguish                  Hex/Necr       0%         N/A       94%         4
 Ice Form                 Ice/Tmut       1%         N/A       94%         4
 Summon Ice Beast         Ice/Summ       1%         N/A       94%         4
 Ozocubu's Refrigeration  Ice            0%         4d5       100%        7


Dungeon Overview and Level Annotations

Branches:
Dungeon (3/15)

Altars:

Annotations:
D:3 Terence


Innate Abilities, Weirdness & Mutations

You have a beak for a mouth.
You have claws for feet.


Message History

The iguana hisses angrily.
The foxfire hits the iguana.
The iguana is lightly wounded.
Casting: Foxfire (safe; 9% risk of failure)
Confirm with . or Enter, or press ? or * to list all spells.
You conjure some foxfire!
The foxfire hits the iguana.
The iguana is moderately wounded.
The foxfire hits the iguana but does no damage.
The iguana is moderately wounded.
The foxfire hits the iguana but does no damage.
The iguana is moderately wounded.
Casting: Foxfire (safe; 9% risk of failure)
Confirm with . or Enter, or press ? or * to list all spells.
You conjure some foxfire!
The foxfire hits the iguana but does no damage.
The iguana is moderately wounded.
The foxfire hits the iguana but does no damage.
The iguana is moderately wounded.
Casting: Foxfire (safe; 9% risk of failure)
Confirm with . or Enter, or press ? or * to list all spells.
You conjure some foxfire!
The foxfire hits the iguana.
The iguana is moderately wounded.
The foxfire hits the iguana but does no damage.
The iguana is moderately wounded.
The iguana closely misses you.
Casting: Foxfire (safe; 9% risk of failure)
Confirm with . or Enter, or press ? or * to list all spells.
You conjure some foxfire!
The iguana bites you!
The foxfire hits the iguana but does no damage.
The iguana is moderately wounded.
The foxfire hits the iguana but does no damage.
The iguana is moderately wounded.
The iguana bites you!
Ouch! That really hurt!
* * * LOW HITPOINT WARNING * * *
Casting: Foxfire (safe; 9% risk of failure)
Confirm with . or Enter, or press ? or * to list all spells.
You conjure some foxfire!
The iguana bites you.
You die...

#.#..##...# .#####
#.#.###.#.# [.....
#.#...#.#.# .....
#.###.#.#.#
.....#+##...#.#.#.#
#....###.#...#.#
#........#####.#
..###.vv.##### #...#
....†.l@## #.######
.#.####..[....##......#
# #.......#######.#
#.......# #....#
#......?# #.####
#.......# #.##.#
#.####### ##....## #.#
######...#...
####....#.#.###.


You could see an iguana (ally target).

Vanquished Creatures
  A dart slug (D:2)
  4 endoplasms
  A giant cockroach (D:1)
  A goblin (D:2)
  6 hobgoblins
  A jackal (D:2)
  2 quokkas
  9 ball pythons
  3 bats
  A frilled lizard (D:2)
  7 kobolds
  3 rats
39 creatures vanquished.

Vanquished Creatures (collateral kills)
  A foxfire (D:1)
1 creature vanquished.

Vanquished Creatures (others)
  120 foxfires
120 creatures vanquished.

Grand Total: 160 creatures vanquished

Notes
Turn   | Place    | Note
-------+----------+-------------------------------------------
     0 | D:1      | kae the Tengu Fire Elementalist began the quest for the
                  | Orb.
     0 | D:1      | Reached XP level 1. HP: 10/10 MP: 4/4
   271 | D:1      | Reached XP level 2. HP: 16/16 MP: 3/6
   811 | D:2      | Reached XP level 3. HP: 20/20 MP: 0/7
  1052 | D:2      | Reached skill level 1 in Fighting
  1279 | D:2      | Reached skill level 1 in Armour
  2068 | D:3      | Noticed Terence
  2236 | D:3      | HP: 1/20 [iguana (11)]
  2237 | D:3      | Slain by an iguana

Illustrated notes

Levels and vault maps discovered:
D:1:      giann_bridges, layout_rooms, serial_bayou_crossing
D:2:      wad_river_or_something, layout_basic
D:3:      layout_basic, mainiacjoe_overflow_alcove_1,
          mainiacjoe_overflow_catch_the_wave, uniq_terence, uniq_grinder

Skill      XL: |  1  2  3 |
---------------+----------+-----
Fighting       | 1 |  1.1
Armour         | 1 |  1.0
Dodging        | |  2.6
Stealth        | |  2.0
Spellcasting   | |  2.3
Conjurations   | |  1.9
Fire Magic     | |  3.6

Action                   || total
-------------------------++-------
Melee: Unarmed           ||     6
       Kick              ||     5
       Long sword        ||    17
 Cast: Foxfire           ||    72
  Use: Scroll            ||     2
 Stab: Sleeping          ||     2
Armor: Robe              ||     6
Dodge: Dodged            ||    25

Table legend: (Time is in decaauts)
 A = Elapsed time spent in this place.
 B = Non-inter-level travel time spent in this place.
 C = Inter-level travel time spent in this place.
 D = Time resting spent in this place.
 E = Time spent auto-exploring this place.
 F = Levels seen in this place.
 G = Mean time per level.
                   A        B        C        D        E       F      G
               +--------+--------+--------+--------+--------+-----+--------+
         Total |   2252 |   2140 |    112 |      0 |   1836 |   3 |  750.7 |
       Dungeon |   2252 |   2140 |    112 |      0 |   1836 |   3 |  750.7 |
               +--------+--------+--------+--------+--------+-----+--------+

Top non-repeatable levels by time:
     D:2: 1445 daAuts
     D:1: 684 daAuts
     D:3: 122 daAuts
